PBL
WINDY CITY THUNDERBOLTS @ CANTON INDIANS
08/01/2045
 
TOP OF THE 1ST
Windy City ThunderBolts batting - Pitching for Canton Indians : LHP Enrique Espinoza
Pitching: LHP Enrique Espinoza
Batting: LHB Eddie Reyes 0-0: Ball
1-0: Called Strike
1-1: Ball
2-1: Foul Ball, location: 2F
2-2: Ball
3-2: Strikes out swinging
Batting: RHB Russ Cornett 0-0: Foul Ball, location: 2F
0-1: Ball
1-1: Called Strike
1-2: Ball
2-2: Foul Ball, location: 2F
2-2: Fly out, F4 (Flyball, 4D, EV 82.5 MPH)
Batting: SHB Ethan Villalobos 0-0: Swinging Strike
0-1: Ball
1-1: Called Strike
1-2: Ball
2-2: Strikes out swinging
Top of the 1st over - 0 runs, 0 hits, 0 errors, 0 left on base; Windy City 0 - Canton 0
BOTTOM OF THE 1ST
Canton Indians batting - Pitching for Windy City ThunderBolts : RHP Nate Woodard
Pitching: RHP Nate Woodard
Batting: LHB Shane Montalvo 0-0: Ball
1-0: Ball
2-0: Called Strike
2-1: Ball
3-1: Base on Balls
Batting: RHB John Bianconi 0-0: Ball
1-0: DOUBLE (Line Drive, 7LM, EV 110.0 MPH)
Shane Montalvo to third
Batting: LHB Dave Key 0-0: Called Strike
0-1: Ball
1-1: Ball
2-1: Called Strike
2-2: Ball
3-2: Foul Ball, location: 2F
3-2: Base on Balls
Batting: LHB Jeff Palmowski 0-0: Ball
1-0: Called Strike
1-1: Ball
2-1: Called Strike
2-2: GRAND SLAM HOME RUN (Flyball, 89XD, EV 104.4 MPH), Distance : 438 ft
Batting: LHB Rich Walker 0-0: Called Strike
0-1: Ball
1-1: Swinging Strike
1-2: Foul Ball, location: 2F
1-2: Strikes out swinging
Batting: LHB Justin Eargle 0-0: Ball
1-0: Foul Ball, location: 2F
1-1: Ground out 5-3 (Groundball, 56, EV 93.8 MPH)
Batting: RHB Justin Teague 0-0: Ball
1-0: Ball
2-0: Ball
3-0: Called Strike
3-1: Foul Ball, location: 2F
3-2: Foul Ball, location: 2F
3-2: Base on Balls
Batting: RHB Ighlas Mwara 0-0: Called Strike
0-1: Ball
1-1: Ground out 4-3 (Groundball, 34, EV 83.1 MPH)
Bottom of the 1st over - 4 runs, 2 hits, 0 errors, 1 left on base; Windy City 0 - Canton 4
TOP OF THE 2ND
Windy City ThunderBolts batting - Pitching for Canton Indians : LHP Enrique Espinoza
Batting: RHB Mike Zern 0-0: Called Strike
0-1: Fly out, F9 (Flyball, 9D, EV 103.1 MPH)
Batting: RHB Ching-hsia Zhang 0-0: Swinging Strike
0-1: Ball
1-1: Ball
2-1: Foul Ball, location: 2F
2-2: Fly out, F2 (Popup, 25F, EV 79.4 MPH)
Batting: RHB Tommy Ellington 0-0: Called Strike
0-1: Fly out, F8 (Line Drive, 8LD, EV 101.9 MPH)
Top of the 2nd over - 0 runs, 0 hits, 0 errors, 0 left on base; Windy City 0 - Canton 4
BOTTOM OF THE 2ND
Canton Indians batting - Pitching for Windy City ThunderBolts : RHP Nate Woodard
Batting: SHB Javon Mitchell 0-0: Ball
1-0: Ball
2-0: Ball
3-0: Called Strike
3-1: Called Strike
3-2: Base on Balls
Batting: LHB Shane Montalvo 0-0: Fielders Choice at 2nd, 5-4 (Groundball, 5, EV 85.0 MPH)
Batting: RHB John Bianconi 0-0: Foul Ball, location: 2F
0-1: Foul Ball, location: 2F
0-2: Foul Ball, location: 2F
0-2: Ball
1-2: Fly out, F3 (Popup, 3F, EV 63.1 MPH)
Batting: LHB Dave Key 0-0: Called Strike
0-1: Ball
1-1: Ball
2-1: Fly out, F4 (Line Drive, 4, EV 70.0 MPH)
Bottom of the 2nd over - 0 runs, 0 hits, 0 errors, 1 left on base; Windy City 0 - Canton 4
TOP OF THE 3RD
Windy City ThunderBolts batting - Pitching for Canton Indians : LHP Enrique Espinoza
Batting: SHB Jose Romo 0-0: Ball
1-0: Called Strike
1-1: Foul Ball, location: 2F
1-2: Strikes out swinging
Batting: SHB Jay Gagnon 0-0: Called Strike
0-1: Ball
1-1: Ball
2-1: Foul Ball, location: 2F
2-2: Ball
3-2: Fly out, F7 (Flyball, 7D, EV 93.1 MPH)
Batting: RHB Enrique Gomez 0-0: Called Strike
0-1: Ground out 4-3 (Groundball, 4, EV 111.2 MPH)
Top of the 3rd over - 0 runs, 0 hits, 0 errors, 0 left on base; Windy City 0 - Canton 4
BOTTOM OF THE 3RD
Canton Indians batting - Pitching for Windy City ThunderBolts : RHP Nate Woodard
Batting: LHB Jeff Palmowski 0-0: Called Strike
0-1: Foul Ball, location: 2F
0-2: Ball
1-2: Foul Ball, location: 2F
1-2: Ball
2-2: Ball
3-2: Strikes out swinging
Batting: LHB Rich Walker 0-0: Called Strike
0-1: Called Strike
0-2: Strikes out swinging
Batting: LHB Justin Eargle 0-0: Called Strike
0-1: Foul Ball, location: 2F
0-2: Ball
1-2: Ball
2-2: Ball
3-2: Base on Balls
Batting: RHB Justin Teague 0-0: Fielders Choice at 2nd, 6-4 (Groundball, 6, EV 90.0 MPH)
Bottom of the 3rd over - 0 runs, 0 hits, 0 errors, 1 left on base; Windy City 0 - Canton 4
TOP OF THE 4TH
Windy City ThunderBolts batting - Pitching for Canton Indians : LHP Enrique Espinoza
Batting: LHB Eddie Reyes 0-0: Fly out, F7 (Line Drive, 7, EV 95.0 MPH)
Batting: RHB Russ Cornett 0-0: Foul Ball, location: 2F
0-1: Ball
1-1: Called Strike
1-2: Ball
2-2: Fly out, F8 (Flyball, 8LXD, EV 100.6 MPH)
Batting: SHB Ethan Villalobos 0-0: Ball
1-0: Ball
2-0: Ball
3-0: Called Strike
3-1: Foul Ball, location: 2F
3-2: Fly out, F6 (Flyball, 56D, EV 90.0 MPH)
Top of the 4th over - 0 runs, 0 hits, 0 errors, 0 left on base; Windy City 0 - Canton 4
BOTTOM OF THE 4TH
Canton Indians batting - Pitching for Windy City ThunderBolts : RHP Nate Woodard
Batting: RHB Ighlas Mwara 0-0: Called Strike
0-1: Hit by Pitch
Batting: SHB Javon Mitchell 0-0: Hit by Pitch
Ighlas Mwara to second
Batting: LHB Shane Montalvo 0-0: Ball
1-0: Fly out, F9 (Line Drive, 9S, EV 105.6 MPH)
Batting: RHB John Bianconi 0-0: Ball
1-0: Swinging Strike
1-1: Ball
2-1: Ground out 5-3 (Groundball, 56S, EV 61.9 MPH)
Ighlas Mwara to third
Javon Mitchell to second
Batting: LHB Dave Key 0-0: Called Strike
0-1: Foul Ball, location: 2F
0-2: Foul Ball, location: 2F
0-2: 3-RUN HOME RUN (Line Drive, 9LD, EV 98.8 MPH), Distance : 355 ft
Pitching: RHP Toyotoshi Matsui
Batting: LHB Jeff Palmowski 0-0: Foul Ball, location: 2F
0-1: Foul Ball, location: 2F
0-2: Ball
1-2: Strikes out swinging
Bottom of the 4th over - 3 runs, 1 hit, 0 errors, 0 left on base; Windy City 0 - Canton 7
TOP OF THE 5TH
Windy City ThunderBolts batting - Pitching for Canton Indians : LHP Enrique Espinoza
Batting: RHB Mike Zern 0-0: Ball
1-0: Ball
2-0: Called Strike
2-1: Ball
3-1: Foul Ball, location: 2F
3-2: Foul Ball, location: 2F
3-2: Base on Balls
Batting: RHB Ching-hsia Zhang 0-0: Ball
1-0: Grounds into double play, 4-6-3 (Groundball, 4, EV 102.5 MPH)
Batting: RHB Tommy Ellington 0-0: Ball
1-0: Called Strike
1-1: Ball
2-1: Fly out, F9 (Flyball, 9LM, EV 81.2 MPH)
Top of the 5th over - 0 runs, 0 hits, 0 errors, 0 left on base; Windy City 0 - Canton 7
BOTTOM OF THE 5TH
Canton Indians batting - Pitching for Windy City ThunderBolts : RHP Toyotoshi Matsui
Batting: LHB Rich Walker 0-0: Ball
1-0: Swinging Strike
1-1: Ground out 1-3 (Groundball, 15S, EV 74.4 MPH)
Batting: LHB Justin Eargle 0-0: Ball
1-0: Called Strike
1-1: Ball
2-1: Ground out 4-3 (Groundball, 4, EV 86.2 MPH)
Batting: RHB Justin Teague 0-0: Ball
1-0: Fly out, F7 (Line Drive, 7, EV 91.9 MPH)
Bottom of the 5th over - 0 runs, 0 hits, 0 errors, 0 left on base; Windy City 0 - Canton 7
TOP OF THE 6TH
Windy City ThunderBolts batting - Pitching for Canton Indians : LHP Enrique Espinoza
Batting: SHB Jose Romo 0-0: Ball
1-0: Ball
2-0: Ball
3-0: Called Strike
3-1: Base on Balls
Batting: SHB Jay Gagnon 0-0: Fly out, F4 (Popup, 4M, EV 78.1 MPH)
Batting: RHB Enrique Gomez 0-0: Ball
Jose Romo steals 2nd, throwing error, E2
Jose Romo to third
1-0: Called Strike
1-1: Foul Ball, location: 2F
1-2: Ball
2-2: SINGLE (Groundball, 6MD, EV 99.4 MPH)
Jose Romo scores
Batting: LHB Eddie Reyes 0-0: Called Strike
0-1: Ball
1-1: SINGLE (Groundball, 4MD, EV 98.1 MPH)
Enrique Gomez to second
Runner from 2nd tries for 3rd, SAFE, throw by CF made to third
Batting: RHB Russ Cornett 0-0: Called Strike
0-1: Called Strike
0-2: Ball
1-2: Foul Ball, location: 2F
1-2: Ball
2-2: 3-RUN HOME RUN (Flyball, 7D, EV 99.4 MPH), Distance : 377 ft
Batting: SHB Ethan Villalobos 0-0: Fly out, F9 (Flyball, 89D, EV 102.5 MPH)
Batting: RHB Mike Zern 0-0: Called Strike
0-1: Swinging Strike
0-2: Ball
1-2: Strikes out looking
Top of the 6th over - 4 runs, 3 hits, 1 error, 0 left on base; Windy City 4 - Canton 7
BOTTOM OF THE 6TH
Canton Indians batting - Pitching for Windy City ThunderBolts : RHP Toyotoshi Matsui
Batting: RHB Ighlas Mwara 0-0: Ball
1-0: Ball
2-0: Ground out 5-3 (Groundball, 56S, EV 84.4 MPH)
Batting: SHB Javon Mitchell 0-0: Foul Ball, location: 2F
0-1: SINGLE (Line Drive, 78S, EV 99.4 MPH)
Batting: LHB Shane Montalvo 0-0: Foul Ball, location: 2F
0-1: Ball
1-1: Fielders Choice at 2nd, 3-6 (Groundball, 3, EV 102.5 MPH)
Batting: RHB John Bianconi 0-0: SINGLE (Line Drive, 5D, EV 103.1 MPH)
Shane Montalvo to second
Batting: LHB Dave Key 0-0: Called Strike
0-1: Ball
1-1: Ball
2-1: Ball
3-1: Swinging Strike
3-2: Foul Ball, location: 2F
3-2: Foul Ball, location: 2F
3-2: Ground out U3 (Groundball, 3, EV 88.8 MPH)
Bottom of the 6th over - 0 runs, 2 hits, 0 errors, 2 left on base; Windy City 4 - Canton 7
TOP OF THE 7TH
Windy City ThunderBolts batting - Pitching for Canton Indians : LHP Enrique Espinoza
Batting: RHB Ching-hsia Zhang 0-0: Called Strike
0-1: Ball
1-1: Ground out 4-3 (Groundball, 4, EV 88.8 MPH)
Batting: RHB Tommy Ellington 0-0: Called Strike
0-1: SOLO HOME RUN (Flyball, 7D, EV 98.8 MPH), Distance : 375 ft
Batting: SHB Jose Romo 0-0: Ball
1-0: Foul Ball, location: 2F
1-1: Swinging Strike
1-2: Strikes out swinging
Batting: SHB Jay Gagnon 0-0: Swinging Strike
0-1: Ball
1-1: Ball
2-1: Swinging Strike
2-2: Foul Ball, location: 2F
2-2: Foul Ball, location: 2F
2-2: Foul Ball, location: 2F
2-2: Strikes out swinging
Top of the 7th over - 1 run, 1 hit, 0 errors, 0 left on base; Windy City 5 - Canton 7
BOTTOM OF THE 7TH
Canton Indians batting - Pitching for Windy City ThunderBolts : RHP Toyotoshi Matsui
Pitching: RHP Harold Price
Batting: LHB Jeff Palmowski 0-0: Ball
1-0: Ball
2-0: Ball
3-0: Base on Balls
Batting: LHB Rich Walker 0-0: Ball
1-0: Foul Ball, location: 2F
1-1: Ball
2-1: Ball
3-1: Base on Balls
Jeff Palmowski to second
Batting: LHB Justin Eargle 0-0: Fielders Choice at 2nd, 6-4 (Groundball, 6, EV 100.6 MPH)
Jeff Palmowski to third
Batting: RHB Justin Teague 0-0: SINGLE (Groundball, 56D, EV 104.4 MPH)
Jeff Palmowski scores
Justin Eargle to second
Batting: RHB Ighlas Mwara 0-0: Foul Ball, location: 2F
0-1: Ball
1-1: Ball
2-1: Foul Ball, location: 2F
2-2: Ball
3-2: Foul Ball, location: 2F
3-2: SINGLE (Groundball, 6MS, EV 66.9 MPH) (infield hit)
Justin Eargle to third
Justin Teague to second
Batting: SHB Javon Mitchell 0-0: Ball
1-0: Ball
2-0: Swinging Strike
2-1: Ball
3-1: Foul Ball, location: 2F
3-2: Grounds into double play, 4-2-3 (Groundball, 4, EV 98.1 MPH)
Bottom of the 7th over - 1 run, 2 hits, 0 errors, 2 left on base; Windy City 5 - Canton 8
TOP OF THE 8TH
Windy City ThunderBolts batting - Pitching for Canton Indians : LHP Enrique Espinoza
Batting: RHB Enrique Gomez 0-0: Ground out 6-3 (Groundball, 6S, EV 61.9 MPH)
Batting: LHB Eddie Reyes 0-0: Foul Ball, location: 2F
0-1: Ball
1-1: Called Strike
1-2: Ball
2-2: Fly out, F8 (Flyball, 8RD, EV 101.2 MPH)
Batting: RHB Russ Cornett 0-0: Called Strike
0-1: Foul Ball, location: 2F
0-2: SINGLE (Flyball, 3D, EV 88.8 MPH)
Pitching: LHP Alec Valencia
Batting: SHB Ethan Villalobos 0-0: Foul Ball, location: 2F
0-1: Foul Ball, location: 2F
0-2: Ball
1-2: Ball
2-2: Foul Ball, location: 2F
2-2: Ball
3-2: Base on Balls
Russ Cornett to second
Batting: RHB Mike Zern 0-0: Foul Ball, location: 2F
0-1: Fly out, F3 (Line Drive, 3, EV 74.4 MPH)
Top of the 8th over - 0 runs, 1 hit, 0 errors, 2 left on base; Windy City 5 - Canton 8
BOTTOM OF THE 8TH
Canton Indians batting - Pitching for Windy City ThunderBolts : RHP Harold Price
Pitching: RHP Ron Knowles
Batting: LHB Shane Montalvo 0-0: Ball
1-0: SINGLE (Groundball, 34S, EV 65.0 MPH) (infield hit)
Batting: RHB John Bianconi 0-0: Ball
Shane Montalvo steals 2nd base
1-0: Foul Ball, location: 2F
1-1: Ground out U3 (Groundball, 13, EV 85.0 MPH)
Shane Montalvo to third
Batting: LHB Dave Key 0-0: Foul Ball, location: 2F
0-1: Hit by Pitch
Batting: LHB Jeff Palmowski 0-0: Swinging Strike
0-1: Ball
1-1: Grounds into double play, 6-4-3 (Groundball, 6M, EV 98.8 MPH)
Bottom of the 8th over - 0 runs, 1 hit, 0 errors, 1 left on base; Windy City 5 - Canton 8
TOP OF THE 9TH
Windy City ThunderBolts batting - Pitching for Canton Indians : LHP Alec Valencia
Pitching: RHP Terry Sterling
Batting: RHB Ching-hsia Zhang 0-0: Ground out 6-3 (Groundball, 6S, EV 88.8 MPH)
Batting: RHB Tommy Ellington 0-0: Ball
1-0: Foul Ball, location: 2F
1-1: Foul Ball, location: 2F
1-2: Strikes out swinging
Pitching: RHP Gilbert Paparelli
Batting: SHB Jose Romo 0-0: Swinging Strike
0-1: Foul Ball, location: 2F
0-2: Foul Ball, location: 2F
0-2: Fly out, F4 (Flyball, 34D, EV 80.6 MPH)
Top of the 9th over - 0 runs, 0 hits, 0 errors, 0 left on base; Windy City 5 - Canton 8
Wednesday, June 22nd , 2022 - OOTP Baseball 23.4 Build 64